 Dungeon Crawl Stone Soup version 0.30-a0-168-g0b976cbdc4 (webtiles) character file.

Game seed: 2591260194715542945

226 Pooter the Chopper (level 6, -1/51 HPs)
             Began as a Hill Orc Reaver on Sept 29, 2022.
             Was a Believer of Vehumet.
             Killed by divine providence
             ... invoked by an orc priest
              (8 damage)
             ... on level 4 of the Dungeon.
             The game lasted 00:24:09 (2853 turns).

Pooter the Chopper (Hill Orc Reaver)                Turns: 2853, Time: 00:24:10

Health: -1/51      AC:  4    Str: 15    XL:     6   Next: 1%
Magic:  1/10       EV: 11    Int: 15    God:    Vehumet [**....]
Gold:   95         SH:  0    Dex:  9    Spells: 1/10 levels left

rFire   . . .      SeeInvis .    a - +0 hand axe
rCold   . . .      Faith    .    (no shield)
rNeg    . . .      Spirit   .    r - +0 leather armour
rPois   .          Reflect  .    (no helmet)
rElec   .          Harm     .    (no cloak)
rCorr   .          Rampage  .    (no gloves)
Will    .....                    l - +0 pair of boots
Stlth   +.........               e - amulet of regeneration
HPRegen 0.97/turn                W - ring of wizardry
MPRegen 0.12/turn                (no ring)

@: no status effects
A: no striking features
a: Renounce Religion, Convert to Beogh


You were on level 4 of the Dungeon.
You worshipped Vehumet.
Vehumet was pleased with you.
You visited 1 branch of the dungeon, and saw 4 of its levels.

You collected 95 gold pieces.

Inventory:

Hand Weapons
 a - a +0 hand axe (weapon)
 b - a +0 sling
   (You took it off a goblin on level 3 of the Dungeon)
 d - a +1 short sword of speed
   (You took it off a kobold on level 1 of the Dungeon)
Missiles
 p - 5 silver boomerangs (quivered)
 Q - 29 stones
Armour
 l - a +0 pair of boots (worn)
   (You found it on level 2 of the Dungeon)
 r - a +0 leather armour (worn)
Jewellery
 e - an amulet of regeneration (around neck)
   (You found it on level 1 of the Dungeon)
 G - an amulet of guardian spirit
   (You found it on level 2 of the Dungeon)
 W - a ring of wizardry (left hand)
   (You found it on level 2 of the Dungeon)
Scrolls
 g - a scroll of noise {unknown}
 h - a scroll of magic mapping {unknown}
 m - a scroll of fear
 n - a scroll of amnesia {unknown}
 o - a scroll of immolation {unknown}
 q - a scroll of torment {unknown}
 s - a scroll of enchant armour {unknown}
 t - a scroll of teleportation {@r4}
Potions
 c - 2 potions of degeneration {unknown}
 f - a potion of might {unknown}
 i - 2 potions of curing {unknown}
 j - 2 potions of flight
 k - a potion of magic {unknown}


   Skills:
 + Level 3.4 Fighting
 + Level 4.8 Axes
 - Level 1.5 Dodging
 * Level 2.6 Spellcasting
 + Level 3.5 Conjurations
 + Level 1.6 Necromancy
 + Level 1.0 Translocations
 + Level 0.7 Ice Magic
 + Level 0.0 Air Magic
 + Level 1.5 Earth Magic
 + Level 0.0 Poison Magic


You had one spell level left.
You knew the following spells:

 Your Spells              Type           Power      Damage    Failure   Level
a - Kiss of Death         Conj/Necr      36%        2d8       3%          1
b - Sandblast             Erth           12%        2d6       6%          1
c - Momentum Strike       Conj/Tloc      16%        3d8       6%          2
d - Hailstorm             Conj/Ice       8%         3d4       13%         3
e - Poisonous Vapours     Pois/Air       4%         N/A       16%         2

Your spell library contained the following spells:

 Spells                   Type           Power      Damage    Failure   Level


Dungeon Overview and Level Annotations

Branches:
Dungeon (4/15)
 Temple: D:4-7

Altars:
Kikubaaqudgha
Okawaru
Trog
Vehumet


Message History

The orc priest looks satisfied for a moment.
The orc priest shouts, "Surrender to Beogh and we'll let you live!"
A cannonade of hail descends around you!
The hail pelts the orc!
You kill the orc!
Vehumet accepts your kill.
You feel your power returning.
The hail pelts the orc priest.
The hail pelts the orc priest!
The orc shouts!
* * * LOW MAGIC WARNING * * *
The orc priest shouts, "Join the one true god or die!"
The orc wizard hits you with a +0 dagger of electrocution.
A cannonade of hail descends around you!
The hail misses the orc priest.
* * * LOW MAGIC WARNING * * *
The orc priest shouts, "Beogh is our master!
Accept the truth or die!"
The orc wizard casts a spell at you. You resist with some effort.
The orc priest mumbles some strange prayers to Beogh against you.
Pain shoots through your body!
* * * LOW HITPOINT WARNING * * *
You don't have enough magic to cast this spell.
Aim: an orc wizard, wielding a +0 dagger of electrocution and wearing a +0 robe (heavily wounded, 76% to hit)
The blast of sand hits the orc wizard.
* * * LOW MAGIC WARNING * * *
The orc wizard barely misses you.
The orc priest invokes the aid of Beogh against you.
Pain shoots through your body!
* * * LOW HITPOINT WARNING * * *
The orc priest hits you with a +0 mace.
* * * LOW HITPOINT WARNING * * *
You barely miss the orc priest. x2; You closely miss the orc wizard.
The orc wizard barely misses you. The orc priest closely misses you.
The orc priest hits you but does no damage.
You barely miss the orc priest.
The orc priest shouts, "Surrender to Beogh and we'll let you live!"
You hit the orc wizard. You barely miss the orc priest.
The orc wizard casts a spell at you. The puff of flame hits you.
* * * LOW HITPOINT WARNING * * *
The orc priest closely misses you. The orc priest completely misses you.
You hit the orc priest. You closely miss the orc priest.
You closely miss the orc wizard.
The orc wizard gestures at you while chanting.
You resist with some effort.
The orc priest hits you with a +0 hand axe.
* * * LOW HITPOINT WARNING * * *
The orc priest mumbles some strange prayers to Beogh against you.
Beogh smites you!
You die...

##......................
#..#####................
#..## #................
##..## #................
###.###................
##.##................
##..................
##.....)...........
#@o...............
#oo...............


oo................ ..................# ###............#..## ...#########......
.#.. ....###.##.. . .. ..8..##.##.# .....$#.#..# You could see 2 orc priests, an
orc wizard and 2 orcs.

Vanquished Creatures
  2 vampire bats (D:3)
  5 adders
  3 worms
  2 dart slugs
  6 orcs
  6 bats
  2 bat skeletons (D:3)
  3 bat zombies (D:3)
  2 endoplasms (D:2)
  2 giant cockroaches
  12 goblins
  8 hobgoblins
  2 jackals (D:1)
  A quokka (D:1)
  11 ball pythons
  2 frilled lizards
  3 kobolds
  4 rats
76 creatures vanquished.

Vanquished Creatures (others)
  2 plants (D:3)
2 creatures vanquished.

Grand Total: 78 creatures vanquished

Notes
Turn   | Place    | Note
-------+----------+-------------------------------------------
     0 | D:1      | Pooter the Hill Orc Reaver began the quest for the Orb.
     0 | D:1      | Reached XP level 1. HP: 18/18 MP: 3/3
    49 | D:1      | Found a faded altar of an unknown god.
   136 | D:1      | Prayed at the altar of an unknown god.
   136 | D:1      | Became a worshipper of Vehumet
   136 | D:1      | Reached * piety under Vehumet
   136 | D:1      | Offered knowledge of Sandblast by Vehumet.
   139 | D:1      | Learned a level 1 spell: Sandblast
   426 | D:1      | Reached XP level 2. HP: 17/22 MP: 4/4
  1004 | D:1      | You fall into a shaft and drop 1 floor!
  1108 | D:2      | Reached XP level 3. HP: 29/29 MP: 5/5
  1112 | D:2      | Learned a level 2 spell: Momentum Strike
  1261 | D:2      | Reached skill level 1 in Necromancy
  1309 | D:2      | Reached XP level 4. HP: 32/38 MP: 5/7
  1383 | D:2      | Learned a level 3 spell: Hailstorm
  1506 | D:2      | Reached ** piety under Vehumet
  1506 | D:2      | Offered knowledge of Magic Dart by Vehumet.
  1572 | D:3      | Found an iron altar of Okawaru.
  1866 | D:3      | Found a bloodstained altar of Trog.
  1892 | D:3      | Reached skill level 1 in Earth Magic
  1977 | D:3      | Reached XP level 5. HP: 45/45 MP: 4/8
  2382 | D:3      | Found an ancient bone altar of Kikubaaqudgha.
  2394 | D:3      | Reached skill level 1 in Translocations
  2501 | D:3      | Offered knowledge of Poisonous Vapours by Vehumet.
  2502 | D:3      | Reached XP level 6. HP: 50/51 MP: 8/10
  2505 | D:3      | Learned a level 2 spell: Poisonous Vapours
  2853 | D:4      | Killed from afar by an orc priest

Illustrated notes

Levels and vault maps discovered:
D:1:      lightli_arrival_quake, layout_loops_corners,
          ebering_ecumenical_altar_rust, chequers_serial_rivers_micro_e,
          minmay_misc_feat_tiny
D:2:      layout_rooms, serial_rivers, chequers_serial_rivers_micro_e,
          chequers_serial_rivers_micro_e, chequers_serial_rivers_room_a,
          chequers_serial_rivers_micro_e, chequers_serial_rivers_room_a,
          chequers_serial_rivers_marsh
D:3:      corexii_shack_village, layout_rooms, kennysheep_vampire_church,
          nicolae_overflow_crystal_walls, kennysheep_okawaru_gauntlet
D:4:      cheibrodos_pilgrimage, layout_layer_cave

Skill      XL: |  1  2  3  4  5 |
---------------+----------------+-----
Spellcasting   | 2 |  2.6
Fighting       | 3 |  3.4
Necromancy     | 1 |  1.6
Earth Magic    | 1 |  1.5
Translocations | 1 |  1.0
Axes           | |  4.8
Dodging        | |  1.5
Conjurations   | |  3.5
Ice Magic      | |  0.7

Action                   |  1- 3 |  4- 6 || total
-------------------------+-------+-------++-------
Melee: Short sword       |   132 |   164 ||   296
       Hand axe          |     5 |     8 ||    13
       Punch             |     1 |     2 ||     3
 Fire: Sling             |       |     2 ||     2
Throw: Stone             |       |     7 ||     7
       Boomerang         |       |     3 ||     3
 Cast: Kiss of Death     |     1 |       ||     1
       Sandblast         |     2 |    31 ||    33
       Hailstorm         |       |    12 ||    12
  Use: Scroll            |       |     3 ||     3
Armor: Leather armour    |    66 |    85 ||   151
Dodge: Dodged            |    97 |   122 ||   219

Table legend: (Time is in decaauts)
 A = Elapsed time spent in this place.
 B = Non-inter-level travel time spent in this place.
 C = Inter-level travel time spent in this place.
 D = Time resting spent in this place.
 E = Time spent auto-exploring this place.
 F = Levels seen in this place.
 G = Mean time per level.
                   A        B        C        D        E       F      G
               +--------+--------+--------+--------+--------+-----+--------+
         Total |   2772 |   2739 |     33 |    470 |   1641 |   4 |  693.0 |
       Dungeon |   2772 |   2739 |     33 |    470 |   1641 |   4 |  693.0 |
               +--------+--------+--------+--------+--------+-----+--------+

Top non-repeatable levels by time:
     D:3: 996 daAuts
     D:1: 978 daAuts
     D:2: 534 daAuts
     D:4: 262 daAuts
